cohdb
Replays
Latest Replays
All Replays
Popular Replays
Top Player Replays
Match Explorer
How It Works
Community
CoH3 Stats
Reddit
Sign in to upload your games and track your stats! →
Sign in with Steam
Match 42720577
Unlisted
Match 42720577
Overview
Messages
Build Orders
End
Construct Infanterie Kompanie
Selects Italian Coastal Battlegroup
Selects Coastal Reserves
Coastal Reserve
MG 42 Machine Gun Team
Grenadier Squad
GrW 34 Mortar Team
Selects Artillery Officer
Artillery Officer
MG 42 Bunker
Construct Panzergrenadier Kompanie
Coastal Reserve
Selects Support Bunkers
Medical Bunker
Forward Retreat Point
Construct Panzer Kompanie
Selects Designated Artillery Overwatch
MG 42 Bunker
Sturmpanzer IV Brummbär
[PnTh] Gérard De Rillettes
SNIFFY
Arimember
Valar[M]orgHulis
Shupack
Karcist
ZombiesSquad
Miwl
0
0
Comments
sign in to comment!
No comments posted yet!